 Dungeon Sprint DCSS version 0.30.1-11-g7821555f0a (webtiles) character file.

Game seed: 12065533814244294659

9663 Groucho the Unseen (level 11, 0/58 HPs)
             Began as a Spriggan Enchanter on Dec 16, 2023.
             Was the Champion of Dithmenos.
             Slain by a tentacle (19 damage)
             ... attached to a kraken
             ... in the Dungeon (Sprint II: "The Violet Keep of Menkaure").
             The game lasted 00:19:33 (3637 turns).

Groucho the Unseen (Spriggan Enchanter)             Turns: 3637, Time: 00:19:33

Health: 0/58       AC:  5    Str:  4    XL:     11   Next: 26%
Magic:  14/22      EV: 19    Int: 20    God:    Dithmenos [******]
Gold:   1035       SH:  0    Dex: 17    Spells: 1/24 levels left

rFire   + . .        a - +1 dagger
rCold   . . .        (no shield)
rNeg    . . .        b - +0 robe
rPois   .            j - +2 hat
rElec   .            i - +0 cloak
rCorr   .            (gloves unavailable)
SInv    +            (boots unavailable)
Will    +....        (no amulet) Stlth *+++++++++
                     h - ring of protection from fire
HPRegen 0.29/turn    (no ring)
MPRegen 0.18/turn

%: no teleportation
@: wreathed by umbra, very quick
A: very small, no large weapons, unfitting armour, see invisible, speed 3, sense
surroundings 1, evolution 1
a: Renounce Religion, Shadow Step, Shadow Form


You were in the Dungeon.
You worshipped Dithmenos.
Dithmenos was exalted by your worship.
You visited 1 branch You collected 1960 gold pieces.
You spent 925 gold pieces at shops.

Inventory:

Hand Weapons
 a - a +1 dagger (weapon)
Armour
 b - a +0 robe (worn)
 i - a +0 cloak (worn)
 j - a +2 hat (worn)
Magical Staves
 d - a staff of earth
Jewellery
 h - a ring of protection from fire (left hand)
 n - a +5 ring of evasion
 o - a ring of positive energy
 v - an amulet of faith
Wands
 f - a wand of charming (6)
Scrolls
 l - 2 scrolls of blinking
 s - a scroll of poison {unknown}
 t - 5 scrolls of identify {unknown}
 u - a scroll of immolation {unknown}
 x - a scroll of enchant weapon {unknown}
Potions
 c - a potion of lignification {unknown}
 e - 2 potions of mutation
 g - 13 potions of magic
 m - a potion of might {unknown}
 p - 4 potions of resistance {unknown}
 q - 3 potions of flight
 r - a potion of berserk rage
 w - 2 potions of attraction {unknown}
 z - 2 potions of curing
Miscellaneous
 k - a phial of floods


   Skills:
 - Level 7.0 Fighting
 - Level 10.0 Short Blades
 - Level 5.0 Dodging
 - Level 15.0 Stealth
 - Level 7.0 Spellcasting
 + Level 8.8 Conjurations
 - Level 14.0 Hexes
 - Level 15.0 Earth Magic


You had one spell level left.
You knew the following spells:

 Your Spells              Type           Power      Damage    Failure   Level
a - Ensorcelled Hibernat  Hex/Ice        70%        N/A       1%          2
b - Confusing Touch       Hex            58%        N/A       1%          3
c - Dazzling Flash        Conj/Hex       100%       N/A       1%          3
d - Tukima's Dance        Hex            58%        N/A       1%          3
e - Stone Arrow           Conj/Erth      100%       3d13      1%          3
f - Passwall              Tmut/Erth      30%        N/A       1%          2
g - Orb of Destruction    Conj           21%        9d8       91%         7

Your spell library contained the following spells:

 Spells                   Type           Power      Damage    Failure   Level
 Sandblast                Erth           100%       2d20      1%          1
 Freeze                   Ice            28%        1d5       10%         1
 Summon Guardian Golem    Hex/Summ       35%        N/A       1%          3
 Hailstorm                Conj/Ice       24%        3d7       4%          3
 Anguish                  Hex/Necr       17%        N/A       5%          4
 Frozen Ramparts          Ice            14%        1d3       28%         3
 Spider Form              Tmut/Pois      7%         N/A       28%         3
 Ice Form                 Ice/Tmut       7%         N/A       67%         4
 Summon Ice Beast         Ice/Summ       7%         N/A       67%         4
 Spellforged Servitor     Conj/Summ      12%        N/A       100%        7


Dungeon Overview and Level Annotations

Branches:
Dungeon (1/1)

Altars:
Cheibriados
Dithmenos
Elyvilon
Fedhas
Gozag
Hepliaklqana
Kikubaaqudgha
Makhleb
Nemelex Xobeh
Okawaru
Qazlal
Ru
Sif Muna
Trog
Uskayaw
Vehumet
Wu Jian
Xom
Yredelemnul
Zin
The Shining One
Jiyva
Lugonu

Shops:
D (!:(!:[:=[?!:=?

Annotations:
D exclusion: oklob plant


Innate Abilities, Weirdness & Mutations

You are very small and have problems with some larger weapons.
You are too small for most types of armour.
You have supernaturally acute eyesight. (SInv)
You cover ground extremely quickly. (Speed+++)
You passively map a small area around you.
You have hidden genetic potential.


Message History

Your shadow completely misses the kraken.
Tentacles burst out of the water! 4 tentacles come into view.
The tentacle closely misses you. The tentacle closely misses you.
There is an open door here.
The tentacle misses you. The tentacle barely misses you.
You see here a +0 leather armour.
The tentacle misses you.
You see here a +0 leather armour.
You see here a +0 mace.
The tentacle slaps you!!
You emit a cloud of dark smoke.
You see here 6 large rocks.
You see here 2 poisoned darts.
You see here a +0 ring mail.
There is an open door here.
Casting: Ensorcelled Hibernation (safe; 1% risk of failure)
Confirm with . or Enter, or press ? or * to list all spells.
Aiming: Stone Arrow (safe; 1% risk of failure)
Press: ? - help, Shift-Dir - straight line, f/p - kraken
Aim: a kraken (water, heavily wounded, umbra, 100% to hit)
The stone arrow hits the kraken!!
The kraken is severely wounded.
Your shadow mimicks your spell!
The shadow shard hits the kraken.
Casting: Stone Arrow (safe; 1% risk of failure)
Confirm with . or Enter, or press ? or * to list all spells.
Aiming: Stone Arrow (safe; 1% risk of failure)
Press: ? - help, Shift-Dir - straight line, f/p - kraken
Aim: a kraken (water, severely wounded, umbra, 100% to hit)
The stone arrow hits the kraken!!
The kraken is severely wounded.
The kraken squirts a massive cloud of ink into the water!
Tentacles burst out of the water! 4 tentacles come into view.
Unknown command.
The tentacle slaps you!! The tentacle slaps you!!
You die...

## 9E+.°.▓0..▓ , *
.###E#○.°▓▓▓▓▓▓▓▓▓▓*
...#.#...▓≈≈≈≈≈§§§▓▓* *
...#!##○)▓▓▓▓▓▓▓▓▓▓▓* +
...#..#○)▓...(.§§§▓▓,,,
,+
##.#..#|[▓..()§§§§▓▓,⌠, ~
.'.##.#[[▓[...([§§▓▓ , +
.#...####▓.)..))§§▓▓,
###..##)#▓.()...@§▓▓ ,
..'..#..#▓[....w.[▓▓
).#..#..#▓)...<..[▓▓,⌠,
###..##.#▓)[..(\..▓▓
.###...##▓▓▓▓▓▓▓\▓▓▓▓+▓
.§§~~~~~~~~~~§§§.──Xw≈▓
...~#'########'###.ww≈▓
~.§~#....._._#~§§##§§≈▓
~~.~#...._._.#§~§§####▓**


You could see a kraken and 3 tentacles.

Vanquished Creatures
  A deep elf master archer (D)
  A crystal guardian (D)
  An iron elemental (D)
  A death yak (D)
  2 hell hogs (D)
  2 death drakes (D)
  2 slime creatures (D)
  2 unseen horrors (D)
  A yaktaur (D)
  3 polar bears (D)
  A hornet (D)
  5 wyverns (D)
  4 neqoxecs (D)
  2 redbacks (D)
  Menkaure (D)
  8 water moccasins (D)
  2 swamp drakes (D)
  5 scorpions (D)
  3 worms (D)
  A spectral bat (D)
  A spectral quokka (D)
49 creatures vanquished.

Vanquished Creatures (others)
  28 tentacles (D)
28 creatures vanquished.

Grand Total: 77 creatures vanquished

Notes
Turn   | Place    | Note
-------+----------+-------------------------------------------
     0 | D        | Groucho the Spriggan Enchanter began the quest for the Orb.
     0 | D        | Reached XP level 1. HP: 9/9 MP: 5/5
    17 | D        | Reached skill level 1 in Fighting
    17 | D        | Reached skill level 5 in Stealth
    28 | D        | Reached XP level 2. HP: 14/14 MP: 7/7
    31 | D        | Noticed a neqoxec
    31 | D        | Noticed a neqoxec
    31 | D        | Noticed a neqoxec
    31 | D        | Noticed a neqoxec
    43 | D        | Gained mutation: Your spells are a little easier to cast,
                  | but a little less powerful. [a neqoxec]
    45 | D        | Gained mutation: Your system is resistant to poisons.
                  | (rPois) [a neqoxec]
    46 | D        | Gained mutation: Your body sometimes deteriorates upon
                  | taking damage. [a neqoxec]
    48 | D        | Gained mutation: You occasionally lose the ability to drink
                  | potions when taking damage. [a neqoxec]
    49 | D        | Killed a neqoxec
    50 | D        | Reached skill level 5 in Short Blades
    50 | D        | Reached skill level 5 in Dodging
    50 | D        | Reached skill level 5 in Spellcasting
    50 | D        | Reached skill level 5 in Hexes
    50 | D        | Reached XP level 3. HP: 21/21 MP: 7/10
    50 | D        | Reached XP level 4. HP: 25/25 MP: 8/12
    50 | D        | Reached XP level 5. HP: 29/29 MP: 8/13
    60 | D        | Gained mutation: You are weak. (Str -2) [a neqoxec]
    62 | D        | Killed a neqoxec
    63 | D        | Reached skill level 5 in Fighting
    63 | D        | Reached XP level 6. HP: 35/35 MP: 8/14
    65 | D        | Killed a neqoxec
    66 | D        | Reached skill level 15 in Stealth
    71 | D        | Killed a neqoxec
    72 | D        | Reached XP level 7. HP: 27/39 MP: 9/15
   254 | D        | Reached skill level 10 in Hexes
   265 | D        | Learned a level 2 spell: Ensorcelled Hibernation
   273 | D        | Noticed a wyvern
   273 | D        | Noticed a wyvern
   276 | D        | Killed a wyvern
   279 | D        | Killed a wyvern
   280 | D        | Reached XP level 8. HP: 43/43 MP: 12/16
   310 | D        | Found Sako Roa's Magic Scroll Shop.
   310 | D        | Found Vonteu Zoetz's Book Boutique.
   310 | D        | Found Disaniq's Book Shop.
   310 | D        | Found Magotask's Jewellery Boutique.
   310 | D        | Found Unigos's Magic Scroll Shop.
   310 | D        | Found Lihaf's Antique Armour Boutique.
   310 | D        | Found Oxzumonk's Distillery.
   310 | D        | Found Defriaqi's Jewellery Boutique.
   317 | D        | Learned a level 3 spell: Confusing Touch
   317 | D        | Found Ajidywn's Antique Armour Shop.
   317 | D        | Found Zemuj's Book Boutique.
   319 | D        | Found Muwunnek's Distillery.
   319 | D        | Found Tiuteq's Antique Weapon Shop.
   319 | D        | Noticed a fire dragon
   319 | D        | Noticed an oklob plant
   322 | D        | Found Erous's Distillery.
   322 | D        | Found Rinireat's Book Shoppe.
   322 | D        | Found Noaquv's Antique Weapon Boutique.
   323 | D        | Noticed an ice dragon
   341 | D        | Noticed a shining eye
   341 | D        | Noticed a shining eye
   359 | D        | Bought a book of Geomancy for 216 gold pieces
   362 | D        | Bought a potion of flight for 36 gold pieces
   362 | D        | Bought a potion of haste for 120 gold pieces
   369 | D        | Bought a ring of protection from fire for 325 gold pieces
   371 | D        | Bought a runed hat for 140 gold pieces
   400 | D        | Found a snail-covered altar of Cheibriados.
   401 | D        | Found a shadowy altar of Dithmenos.
   401 | D        | Found a viscous altar of Jiyva.
   401 | D        | Noticed Menkaure
   402 | D        | Found a white marble altar of Elyvilon.
   402 | D        | Found an ancient bone altar of Kikubaaqudgha.
   403 | D        | Found a blossoming altar of Fedhas.
   403 | D        | Found a corrupted altar of Lugonu.
   403 | D        | Found a shimmering blue altar of Sif Muna.
   403 | D        | Found a hazy altar of Hepliaklqana.
   403 | D        | Found a sacrificial altar of Ru.
   410 | D        | Found an opulent altar of Gozag.
   410 | D        | Found a burning altar of Makhleb.
   410 | D        | Found a bloodstained altar of Trog.
   417 | D        | Killed Menkaure
   418 | D        | Found a sparkling altar of Nemelex Xobeh.
   418 | D        | Found a hide-covered altar of Uskayaw.
   418 | D        | Found a basalt altar of Yredelemnul.
   419 | D        | Found an iron altar of Okawaru.
   419 | D        | Found a radiant altar of Vehumet.
   419 | D        | Found a glowing silver altar of Zin.
   419 | D        | Found a shimmering altar of Xom.
   420 | D        | Found a stormy altar of Qazlal.
   420 | D        | Found an ornate altar of the Wu Jian Council.
   420 | D        | Found a glowing golden altar of the Shining One.
   424 | D        | Became a worshipper of Dithmenos the Shadowed
   433 | D        | Noticed a death yak
   435 | D        | Killed a death yak
   436 | D        | Reached skill level 10 in Short Blades
   446 | D        | Learned a level 3 spell: Dazzling Flash
   450 | D        | Learned a level 3 spell: Tukima's Dance
   454 | D        | Learned a level 3 spell: Stone Arrow
   457 | D        | Learned a level 2 spell: Passwall
   466 | D        | Reached * piety under Dithmenos
   514 | D        | Noticed a deep elf master archer
   519 | D        | Killed a deep elf master archer
   520 | D        | Reached XP level 9. HP: 47/47 MP: 17/17
   524 | D        | Noticed an unseen horror
   524 | D        | Noticed an unseen horror
   526 | D        | Killed an unseen horror
   528 | D        | Killed an unseen horror
   528 | D        | Reached ** piety under Dithmenos
   545 | D        | Noticed a polar bear
   547 | D        | Noticed a yaktaur
   548 | D        | Noticed a polar bear
   548 | D        | Noticed a polar bear
   556 | D        | Killed a polar bear
   562 | D        | Killed a polar bear
   563 | D        | Killed a polar bear
   563 | D        | Reached *** piety under Dithmenos
   564 | D        | Reached XP level 10. HP: 50/55 MP: 17/21
   581 | D        | Noticed a kraken
   648 | D        | Reached **** piety under Dithmenos
   896 | D        | Noticed a death drake
   902 | D        | Noticed a death drake
   902 | D        | Noticed a crystal guardian
   905 | D        | Killed a crystal guardian
   906 | D        | Reached skill level 10 in Earth Magic
   937 | D        | Killed a death drake
  1274 | D        | Bought a potion of mutation for 88 gold pieces
  1274 | D        | Lost mutation: Your spells are a little easier to cast, but
                  | a little less powerful. [potion of mutation]
  1274 | D        | Lost mutation: Your system is resistant to poisons. (rPois)
                  | [potion of mutation]
  1274 | D        | Lost mutation: You occasionally lose the ability to drink
                  | potions when taking damage. [potion of mutation]
  1274 | D        | Gained mutation: Your flesh is cold resistant. (rC+)
                  | [potion of mutation]
  1325 | D        | Killed a death drake
  1855 | D        | Noticed an electric golem
  1855 | D        | Noticed a toenail golem
  1957 | D        | Noticed an iron elemental
  1957 | D        | Noticed a hell hog
  1966 | D        | Noticed a hell hog
  1972 | D        | Killed a hell hog
  1974 | D        | Reached ***** piety under Dithmenos
  1986 | D        | Reached XP level 11. HP: 55/58 MP: 4/22
  2436 | D        | Killed an iron elemental
  2437 | D        | Reached skill level 15 in Earth Magic
  2927 | D        | Killed a hell hog
  2966 | D        | Lost mutation: Your body sometimes deteriorates upon taking
                  | damage. [potion of mutation]
  2966 | D        | Lost mutation: You are weak. (Str -2) [potion of mutation]
  2966 | D        | Lost mutation: Your flesh is cold resistant. (rC+) [potion
                  | of mutation]
  2966 | D        | Gained mutation: You passively map a small area around you.
                  | [potion of mutation]
  2966 | D        | Gained mutation: You have hidden genetic potential. [potion
                  | of mutation]
  2971 | D        | Identified the +0 plate armour "Emalop" {MP-9 Int+5}
  3056 | D        | Reached ****** piety under Dithmenos
  3490 | D        | Learned a level 7 spell: Orb of Destruction
  3637 | D        | Slain by a tentacle

Illustrated notes

Levels and vault maps discovered:
D:        the_violet_keep_of_menkaure [sprint2_stairs_cluster_1,
          sprint2_shoproom, sprint2_temple, sprint2_basic_supplies,
          sprint2_obstacle_5, sprint2_obstacle_6, sprint2_obstacle_1,
          sprint2_obstacle_7, sprint2_obstacle_2, sprint2_timed_cluster_1,
          sprint2_smallroom_cluster_1, sprint2_smallroom_final_cluster_1,
          sprint2_transparent_cluster_1, sprint2_second_timed_cluster_1,
          sprint2_sniper_area_1, sprint2_heavy_combat_area_1,
          sprint2_mutation_trap_area_1, sprint2_forest_area_1,
          sprint2_light_combat_area_1, sprint2_behind_water_1,
          sprint2_near_end_vault_1]

Skill      XL: |  1  2  3  4  5  6  7  8  9 10 11 |
---------------+----------------------------------+-----
Dodging        | 3 5 |  5.0
Spellcasting   | 3 5 7 |  7.0
Fighting       | 1 4 5 7 |  7.0
Stealth        | 5 8 13 15 | 15.0
Hexes          | 4 5 9 14 | 14.0
Short Blades   | 2 5 6 10 | 10.0
Conjurations   | 7 8 |  8.8
Earth Magic    | 6 7 14 15 | 15.0

Action                     |  1- 3 |  4- 6 |  7- 9 | 10-12 || total
---------------------------+-------+-------+-------+-------++-------
  Melee: Dagger            |    32 |    22 |    32 |    45 ||   131
         Punch             |       |       |       |     2 ||     2
   Cast: Ensorcelled Hiber |       |       |     3 |    41 ||    44
         Confusing Touch   |       |       |     1 |     3 ||     4
         Stone Arrow       |       |       |       |    20 ||    20
         Dazzling Flash    |       |       |       |     1 ||     1
 Invoke: Shadow Step       |       |       |       |     1 ||     1
    Use: Potion            |     4 |       |     4 |     3 ||    11
         Scroll            |       |       |       |     1 ||     1
   Stab: Invisible         |     3 |       |     4 |       ||     7
         Sleeping          |     2 |       |    13 |    24 ||    39
         Confused          |       |       |     1 |     3 ||     4
 Armour: Robe              |       |       |       |     2 ||     2
  Dodge: Dodged            |    11 |    10 |    17 |    43 ||    81
